 Dungeon Crawl Stone Soup version 0.30.0-15-g856e2d3f33 (webtiles) character file.

Game seed: 13057625179085767109

79 qw the Chopper (level 4, -10/28 HPs)
             Began as a Gargoyle Cinder Acolyte on May 18, 2023.
             Was a High Priest of Ignis.
             Killed from afar by Ijyb (18 damage)
             ... with an iceblast
             ... on level 3 of the Dungeon.
             The game lasted 00:00:58 (1727 turns).

qw the Chopper (Gargoyle Cinder Acolyte)            Turns: 1727, Time: 00:00:59

Health: -10/28     AC: 15    Str: 20    XL:     4   Next: 38%
Magic:  5/5        EV: 10    Int: 14    God:    Ignis [*****.]
Gold:   94         SH:  0    Dex:  5    Spells: 5/5 levels left

rFire   + . .        Y - -1 hand axe (flame)
rCold   . . .        (no shield)
rNeg    + . .        i - +0 ring mail
rPois   inf          (no helmet)
rElec   +            (no cloak)
rCorr   .            (no gloves)
SInv    .            (no boots)
Will    .....        d - amulet of regeneration Stlth
                     (no ring)
HPRegen 1.04/turn    (no ring)
MPRegen 0.09/turn

%: no passive effects
@: about to teleport, fiery-armoured
A: sickness immunity, AC +3, negative energy resistance 1, electricity
resistance, torment resistance 1, petrification resistance
a: Renounce Religion, Fiery Armour, Foxfire Swarm, Rising Flame


You were on level 3 of the Dungeon.
You worshipped Ignis.
Ignis was extremely pleased with you.
You visited 1 branch of the dungeon, and saw 3 of its levels.

You collected 94 gold pieces.


Innate Abilities, Weirdness & Mutations

You are immune to sickness and miasma.
Your stone body is resilient. (AC +3)
You are immune to poison.
You resist negative energy. (rN+)
You are resistant to electric shocks. (rElec)
You are resistant to unholy torment.
You are immune to petrification.


   Skills:
 - Level 3.2 Fighting
 + Level 4.4 Axes
 - Level 1.0 Armour
 - Level 1.0 Spellcasting
 - Level 3.0 Fire Magic


You had 5 spell levels left.
You didn't know any spells.
Your spell library contained the following spells:

 Spells                   Type           Power      Damage    Failure   Level
 Scorch                   Fire           18%        2d6       19%         2

Inventory:

Hand Weapons
 Y - a -1 hand axe of flaming (weapon)
Armour
 e - a +0 helmet
 i - a +0 ring mail (worn)
Jewellery
 d - an amulet of regeneration (around neck)
Potions
 b - a potion of brilliance {unknown}
 c - a potion of haste {unknown}

Dungeon Overview and Level Annotations

Branches:
Dungeon (3/15)

Altars:
Okawaru

Shops:
D:1 [

Annotations:
D:3 Ijyb


Message History

Something hits you but does no damage.
You hit something but do no damage. Something hits you but does no damage.
You miss something. Something hits you. Something hits you but does no damage.
You closely miss something. Your punch misses something.
You hear a zap.
An iceblast appears from out of thin air!
The mass of ice explodes!
The iceblast engulfs you!
The iceblast engulfs something.
You hear a shout!
You hit something but do no damage. Your punch misses something.
Something hits you.
You barely miss something. Something completely misses you.
You hit something but do no damage. Something hits you.
You closely miss something.
A kobold comes into view. It is wielding a +0 dagger.
You hear a zap.
An iceblast appears from out of thin air!
The mass of ice explodes!
The iceblast engulfs you but does no damage.
The iceblast engulfs something!
Something hits you but does no damage. Something hits you. Something hits you.
You hear a zap.
An iceblast appears from out of thin air!
The mass of ice explodes!
The iceblast engulfs you!
1726 ||| READING scroll of teleportation.
As you read the scroll of teleportation, it crumbles to dust.
You feel strangely unstable.
1727 ||| INVOKING Fiery Armour.
A protective cloak of flame settles atop you.
You hear a zap.
An iceblast appears from out of thin air!
The mass of ice explodes!
The iceblast engulfs you!!
Ouch! That really hurt!
You die...

#?# #.#
########.#####.
..............>
...........?#
########..#########
#<.....%...?.....[.
#.#.#.##.{~~~._.~~~
#...#.#...@.¤...¤..
....#.#.#.#.~.~~.~~.~
........#.#.#K¤.¤¤....
...######.#.#.~~~¤.~~~
+## #.#.#¤¤¤.¤¤$...
#.#...~¤~~¤¤~¤~ #.#
.¤¤¤..¤¤¤. #.#.# ~~¤~¤
#.#


You could see a kobold.

Vanquished Creatures
  3 adders
  2 dart slugs (D:2)
  A ball python (D:1)
  3 bats
  6 endoplasms
  2 giant cockroaches (D:1)
  5 goblins
  2 hobgoblins (D:1)
  2 jackals (D:2)
  7 kobolds
  3 quokkas (D:1)
  2 frilled lizards (D:1)
  6 rats
44 creatures vanquished.

Notes
Turn   | Place    | Note
-------+----------+-------------------------------------------
     0 | D:1      | qw the Gargoyle Cinder Acolyte began the quest for the Orb.
     0 | D:1      | Reached XP level 1. HP: 14/14 MP: 2/2
     0 | D:1      | 0 ||| qw: Version: 0.2-a-95-gc95f03d
     0 | D:1      | 0 ||| qw: Game counter: 54
     0 | D:1      | 0 ||| qw: Always use a shield: true
     0 | D:1      | 0 ||| qw: God list: Okawaru
     0 | D:1      | 0 ||| qw: Allow faded altars: false
     0 | D:1      | 0 ||| qw: Do Orc after D:15 true
     0 | D:1      | 0 ||| qw: Do second Lair branch before Depths: true
     0 | D:1      | 0 ||| qw: Lair rune preference: random
     0 | D:1      | 0 ||| qw: Plans: Normal
     0 | D:1      | 0 ||| PLANNING D:1-11
    48 | D:1      | 48 ||| Stepping ~*~*~tactically~*~*~ (stealth).
    50 | D:1      | 50 ||| Stepping ~*~*~tactically~*~*~ (stealth).
    55 | D:1      | Reached skill level 3 in Axes
    61 | D:1      | 61 ||| Stepping ~*~*~tactically~*~*~ (stealth).
    62 | D:1      | 62 ||| Stepping ~*~*~tactically~*~*~ (stealth).
    82 | D:1      | 82 ||| INVOKING Fiery Armour.
    83 | D:1      | Reached XP level 2. HP: 10/19 MP: 3/3
   238 | D:1      | Found Punwa's Antique Armour Emporium.
   241 | D:1      | 241 ||| SHOPLISTING fabulously ornate robe (171 gold, have
                  | 24).
   241 | D:1      | 241 ||| SHOPLISTING pair of boots (135 gold, have 24).
   241 | D:1      | 241 ||| SHOPLISTING pair of embroidered gloves (225 gold,
                  | have 24).
   241 | D:1      | 241 ||| SHOPLISTING ring mail (120 gold, have 24).
   335 | D:1      | Found a faded altar of an unknown god.
   345 | D:1      | 345 ||| Stepping ~*~*~tactically~*~*~ (stealth).
   523 | D:1      | 523 ||| INVOKING Fiery Armour.
   525 | D:1      | Reached XP level 3. HP: 21/23 MP: 4/4
   648 | D:1      | 648 ||| Stepping ~*~*~tactically~*~*~ (hiding).
   759 | D:1      | 759 ||| UPGRADING to +0 leather armour.
   769 | D:1      | 769 ||| DROPPING +0 robe.
   770 | D:1      | 770 ||| UPGRADING to +0 ring mail.
   780 | D:1      | 780 ||| DROPPING +0 leather armour.
   781 | D:1      | 781 ||| UPGRADING to amulet of regeneration.
   786 | D:1      | 786 ||| READING 2 scrolls labelled HUGGAN OFAVU.
   789 | D:1      | 789 ||| READING 2 scrolls labelled SESAZA VOOM.
   790 | D:1      | 790 ||| READING scroll labelled KAHIAC ZOLAESI.
   791 | D:1      | 791 ||| READING scroll labelled ISOBBU USORRACK.
   892 | D:1      | 892 ||| READING scroll labelled JUBEPT OFU HAG.
   893 | D:1      | 893 ||| READING scroll labelled UNYACZ KOCA.
   894 | D:1      | 894 ||| DRINKING 2 grey potions.
   895 | D:1      | 895 ||| DROPPING potion of flight.
   896 | D:1      | 896 ||| DROPPING scroll of vulnerability.
   980 | D:2      | 980 ||| Stepping ~*~*~tactically~*~*~ (stealth).
   985 | D:2      | Reached skill level 4 in Axes
  1150 | D:2      | Reached skill level 1 in Armour
  1333 | D:2      | Reached XP level 4. HP: 28/28 MP: 5/5
  1428 | D:2      | 1428 ||| Stepping ~*~*~tactically~*~*~ (hiding).
  1430 | D:2      | 1430 ||| Stepping ~*~*~tactically~*~*~ (hiding).
  1431 | D:2      | 1431 ||| Stepping ~*~*~tactically~*~*~ (hiding).
  1703 | D:3      | Found an iron altar of Okawaru.
  1706 | D:3      | Noticed Ijyb
  1709 | D:3      | 1709 ||| Stepping ~*~*~tactically~*~*~ (hiding).
  1725 | D:3      | HP: 6/28 [something/iceblast (11)]
  1726 | D:3      | 1726 ||| READING scroll of teleportation.
  1727 | D:3      | 1727 ||| INVOKING Fiery Armour.
  1727 | D:3      | Killed from afar by Ijyb

Levels and vault maps discovered:
D:1:      ncdulo_watergridlock, layout_loops_cross,
          ebering_ecumenical_altar_box, serial_shops, nicolae_shop_behind_doors
D:2:      layout_loops_ring, nicolae_elevator_lobby_plus
D:3:      minmay_spotlight, layout_basic, mainiacjoe_overflow_large_starburst,
          minmay_misc_feat_roman, uniq_ijyb

Skill      XL: |  1  2  3 |
---------------+----------+-----
Axes           | 3 4 |  4.4
Armour         | 1 |  1.0
Fighting       | |  3.2
Spellcasting   | |  1.0
Fire Magic     | |  3.0

Action                     |  1- 3 |  4- 6 || total
---------------------------+-------+-------++-------
  Melee: Hand axe          |   108 |    33 ||   141
 Invoke: Fiery Armour      |     2 |     1 ||     3
    Use: Scroll            |     6 |     1 ||     7
         Potion            |     1 |       ||     1
 Armour: Robe              |    14 |       ||    14
         Ring mail         |    19 |    18 ||    37
  Dodge: Dodged            |    60 |    15 ||    75

Table legend:
 A = Non-vault XP
 B = Vault XP
 C = Vault XP percentage of total XP
 D = Non-vault monster count
 E = Vault monster count
 F = Vault count percentage of total count
                 A         B        C        D         E       F
            +---------+---------+-------+---------+---------+-------
      Total |     114 |       0 |   0.0 |      44 |       0 |   0.0
            +---------+---------+-------+---------+---------+-------
        D:1 |      47 |       0 |   0.0 |      27 |       0 |   0.0
        D:2 |      54 |       0 |   0.0 |      16 |       0 |   0.0
        D:3 |      13 |       0 |   0.0 |       1 |       0 |   0.0
            +---------+---------+-------+---------+---------+-------
